 Dungeon Crawl Stone Soup version 0.30-a0-1085-g990a428a5c (webtiles) character file.

Game seed: 5513045692751579162

49 NotreDorf the Trooper (level 3, 0/29 HPs)
             Began as a Mummy Fighter on Apr 16, 2023.
             Slain by an orc wizard
             ... wielding a +0 dagger
              (3 damage)
             ... on level 2 of the Dungeon.
             The game lasted 00:03:36 (1394 turns).

NotreDorf the Trooper (Mummy Fighter)               Turns: 1394, Time: 00:03:36

Health: 0/29       AC:  6    Str: 21    XL:     3   Next: 51%
Magic:  5/5        EV:  9    Int:  7    God:
Gold:   102        SH:  0    Dex: 11    Spells: 5/5 levels left

rFire   x . .      SeeInvis .    a - +0 flail
rCold   + . .      Faith    +    c - +0 buckler
rNeg    + + +      Spirit   .    b - +0 scale mail
rPois   ∞          Reflect  .    (no helmet)
rElec   .          Rampage  .    (no cloak)
rCorr   .                        (no gloves)
Will    .....                    (no boots) Stlth
                                 (no amulet)
HPRegen 0.24/turn                (no ring)
MPRegen 0.09/turn                (no ring)

@: confused
A: cold resistance 1, negative energy resistance 3, torment resistance 2, heat
vulnerability 1, in touch with death 1, no potions, faith
a: no special abilities


You were on level 2 of the Dungeon.
You visited 1 branch of the dungeon, and saw 2 of its levels.

You collected 102 gold pieces.

Inventory:

Hand Weapons
 a - a +0 flail (weapon)
Armour
 b - a +0 scale mail (worn)
 c - a +0 buckler (worn)
Scrolls
 d - 2 scrolls of identify {unknown}
 e - a scroll of fog {unknown}
 f - a scroll of immolation {unknown}
 g - a scroll of teleportation {unknown}
 h - a scroll of enchant armour {unknown}


   Skills:
 + Level 3.3 Fighting
 + Level 2.0 Maces & Flails
 + Level 2.7 Armour
 + Level 2.7 Shields
 + Level 1.6 Spellcasting


You had 5 spell levels left.
You didn't know any spells.
Your spell library contained the following spells:

 Spells                   Type           Power      Damage    Failure   Level
 Magic Dart               Conj           0%         1d3       83%         1
 Searing Ray              Conj           0%         2d4       92%         2
 Stone Arrow              Conj/Erth      0%         3d7       99%         3
 Animate Armour           Summ/Erth      0%         N/A       100%        4
 Fulminant Prism          Conj/Hex       0%         3d5       100%        4
 Lehudib's Crystal Spear  Conj/Erth      0%         10d2      100%        8


Dungeon Overview and Level Annotations

Branches:
Dungeon (2/15)

Altars:

Shops:
D:2 !


Innate Abilities, Weirdness & Mutations

You are immune to poison.
Your flesh is cold resistant. (rC+)
You are immune to negative energy. (rN+++)
You are immune to unholy pain and torment.
You are vulnerable to heat. (rF-)
You are in touch with the powers of death.
You do not drink.
You have a special connection with the divine. (Faith)


Message History

You kill the orc!
Something hits you but does no damage. The orc hits you with a +0 mace.
The orc attacks as you move away! The orc closely misses you.
You hear some strange, mumbled words.
Something tries to affect you, but you resist.
You bump into the rock wall.
Something hits you. The orc hits you with a +0 mace.
You bump into the rock wall.
Something hits you but does no damage. The orc closely misses you.
You feel less confused.
You barely miss the orc.
You hear some strange, mumbled words.
A magic dart appears from out of thin air!
The magic dart hits you but does no damage.
You block the orc's attack.
You hit the orc.
The orc is severely wounded.
Something hits you. The orc barely misses you.
You sock the orc!
You kill the orc!
Something completely misses you.
You hear some strange, mumbled words.
You are confused.
You closely miss something. Something hits you but does no damage.
You hear some strange, mumbled words.
You are more confused.
Something hits you.
You bump into the crystal wall.
Something hits you but does no damage. Something hits you.
You're too confused to move!
Something hits you.
You hear some strange, mumbled words.
A puff of flame appears from out of thin air!
The puff of flame hits you! The fire burns you terribly!
* * * LOW HITPOINT WARNING * * *
Something hits you but does no damage.
You see here 2 bubbling clear potions.
You miss something. Something hits you.
* * * LOW HITPOINT WARNING * * *
Something hits you.
You die...

#..........#........
#####.#######.......
#. ##...... #.
######..
##.#######....... ##
...##...........
#..#####.##.#.........
#....!......#.........
#....@.#...##.........
#.......#..)#.........
##.#######)...........
#. #.)###........ #
#...# #........ ......
...##.##. #.....######
.##. ####..# .## #..


There were no monsters in sight!

Vanquished Creatures
  An adder (D:2)
  A worm (D:2)
  3 orcs (D:2)
  3 ball pythons
  4 endoplasms
  4 giant cockroaches
  6 goblins
  3 hobgoblins
  2 kobolds (D:2)
  A quokka (D:1)
  2 frilled lizards (D:1)
30 creatures vanquished.

Notes
Turn   | Place    | Note
-------+----------+-------------------------------------------
     0 | D:1      | NotreDorf the Mummy Fighter began the quest for the Orb.
     0 | D:1      | Reached XP level 1. HP: 18/18 MP: 1/1
   280 | D:1      | Reached XP level 2. HP: 22/24 MP: 1/3
   785 | D:1      | Reached skill level 1 in Spellcasting
   859 | D:2      | Found Uruicali's Distillery.
   970 | D:2      | Gained mutation: You are in touch with the powers of death.
                  | [Mummy growth]
   970 | D:2      | Reached XP level 3. HP: 28/29 MP: 3/5
  1305 | D:2      | Found a faded altar of an unknown god.
  1394 | D:2      | Slain by an orc wizard

Illustrated notes

Levels and vault maps discovered:
D:1:      dpeg_arrival_solitude, layout_loops_ring
D:2:      layout_rooms, serial_shops, nicolae_shop_advertising_works
          [nicolae_subvault_shop_adworks], basic_ecumenical_altar

Skill      XL: |  1  2  3 |
---------------+----------+-----
Spellcasting   | 1 |  1.6
Maces & Flails | 2 |  2.0
Fighting       | |  3.3
Armour         | |  2.7
Shields        | |  2.7

Action                     || total
---------------------------++-------
  Melee: Flail             ||   131
 Armour: Scale mail        ||    69
  Dodge: Dodged            ||    64
  Block: Buckler           ||    24

Table legend: (Time is in decaauts)
 A = Elapsed time spent in this place.
 B = Non-inter-level travel time spent in this place.
 C = Inter-level travel time spent in this place.
 D = Time resting spent in this place.
 E = Time spent auto-exploring this place.
 F = Levels seen in this place.
 G = Mean time per level.
                   A        B        C        D        E       F      G
               +--------+--------+--------+--------+--------+-----+--------+
         Total |   1440 |   1391 |     49 |     88 |    991 |   2 |  720.0 |
       Dungeon |   1440 |   1391 |     49 |     88 |    991 |   2 |  720.0 |
               +--------+--------+--------+--------+--------+-----+--------+

Top non-repeatable levels by time:
     D:1: 849 daAuts
     D:2: 590 daAuts
